 Dungeon Crawl Stone Soup version 0.31-a0-237-g2d982f9f85 (webtiles) character file.

Game seed: 14002030292902118778

105 qw the Shooter (level 4, -1/26 HPs)
             Began as a Gargoyle Hexslinger on July 10, 2023.
             Slain by a black bear (2 damage)
             ... on level 3 of the Dungeon.
             The game lasted 00:00:57 (1530 turns).

qw the Shooter (Gargoyle Hexslinger)                Turns: 1530, Time: 00:00:58

Health: -1/26      AC:  8    Str:  9 (11) XL:     4   Next: 81%
Magic:  5/5        EV: 15    Int: 12 (14) God:
Gold:   171        SH:  0    Dex: 11 (14) Spells: 4/5 levels left

rFire   . . .        Y - +1 sling
rCold   . . .        (no shield)
rNeg    + . .        l - +0 ring mail
rPois   inf          (no helmet)
rElec   +            (no cloak)
rCorr   .            (no gloves)
SInv    .            (no boots)
Will    .....        (no amulet)
Stlth   +            j - +5 ring of evasion
HPRegen 0.24/turn    (no ring)
MPRegen 0.09/turn

%: no passive effects
@: no status effects
A: sickness immunity, AC +3, negative energy resistance 1, electricity
resistance, torment resistance 1, petrification resistance
a: no special abilities


You were on level 3 of the Dungeon.
You visited 1 branch of the dungeon, and saw 3 of its levels.

You collected 171 gold pieces.


Innate Abilities, Weirdness & Mutations

You are immune to sickness and miasma.
Your stone body is resilient. (AC +3)
You are immune to poison.
You resist negative energy. (rN+)
You are resistant to electric shocks. (rElec)
You are resistant to unholy torment.
You are immune to petrification.


   Skills:
 - Level 2.0 Fighting
 - Level 4.4 Ranged Weapons
 + Level 0.4 Armour
 - Level 1.5 Dodging
 - Level 1.0 Spellcasting
 - Level 2.6 Hexes


You had 4 spell levels left.
You knew the following spells:

 Your Spells              Type           Power      Damage    Failure   Level
a - Slow                  Hex            28%        N/A       28%         1

Your spell library contained the following spells:

 Spells                   Type           Power      Damage    Failure   Level
 Inner Flame              Hex/Fire       3%         N/A       82%         3
 Portal Projectile        Hex/Tloc       6%         N/A       82%         3
 Cause Fear               Hex            3%         N/A       95%         4

Inventory:

Hand Weapons
 Y - a +1 sling (weapon)
Armour
 l - a +0 ring mail (worn)
Jewellery
 b - a +6 ring of intelligence
 j - a +5 ring of evasion (left hand)
Scrolls
 a - 2 scrolls of identify
Potions
 d - a potion of might
 f - a potion of curing {unknown}
 k - a potion of heal wounds {unknown}

Dungeon Overview and Level Annotations

Branches:
Dungeon (3/15)

Altars:


Message History

The black bear claws you but does no damage.
You shoot a sling bullet. The sling bullet hits the black bear.
The black bear is heavily wounded.
The black bear misses you.
The black bear claws you but does no damage.
The black bear claws you.
You shoot a sling bullet.
The sling bullet barely misses the black bear.
The sling bullet hits the worm.
The worm is moderately wounded.
The black bear bites you but does no damage.
The black bear claws you but does no damage. x2
You shoot a sling bullet.
The sling bullet barely misses the black bear.
The sling bullet hits the worm but does no damage.
The worm is lightly wounded.
The black bear misses you. x2; The black bear barely misses you. x2
The black bear claws you but does no damage.
The black bear closely misses you.
You shoot a sling bullet. The sling bullet hits the black bear.
The black bear is heavily wounded.
The black bear barely misses you. The black bear closely misses you.
The black bear misses you.
You shoot a sling bullet. The sling bullet hits the black bear!
The black bear is almost dead.
The black bear bites you. The black bear barely misses you.
The black bear claws you but does no damage.
You shoot a sling bullet.
The sling bullet hits the black bear but does no damage.
The black bear is almost dead.
The black bear goes berserk!
The black bear bites you but does no damage.
The black bear claws you. The black bear misses you.
You shoot a sling bullet. The sling bullet hits the black bear!
The black bear is almost dead.
The black bear misses you. The black bear completely misses you.
The black bear barely misses you. The black bear bites you.
The black bear claws you but does no damage.
The black bear claws you.
You die...

.... .... .....#
..... .....# ....
##.....## #.#...
#........
......#####......##
#..wh@##........##...
#...#.##............
#.. #.>.........#..
... #..##.......#.# .
#.#
#..##.......#.###. .
#>............#...
#####.......#.#.#
#.#####.#...## #.#
#........<


You could see a black bear (berserk) and a worm.

Vanquished Creatures
  4 adders (D:2)
  3 worms (D:2)
  3 dart slugs
  6 bats
  8 endoplasms
  4 giant cockroaches
  2 hobgoblins
  2 jackals (D:1)
  3 quokkas
  2 ball pythons
  5 frilled lizards
  4 goblins
  3 kobolds
  4 rats
53 creatures vanquished.

Notes
Turn   | Place    | Note
-------+----------+-------------------------------------------
     0 | D:1      | qw the Gargoyle Hexslinger began the quest for the Orb.
     0 | D:1      | Reached XP level 1. HP: 12/12 MP: 2/2
     0 | D:1      | 0 ||| qw: Version: 0.3-a-52-g30416fa
     0 | D:1      | 0 ||| qw: Game counter: 5268
     0 | D:1      | 0 ||| qw: Melee chars always use a shield: true
     0 | D:1      | 0 ||| qw: God list: Okawaru
     0 | D:1      | 0 ||| qw: Allow faded altars: false
     0 | D:1      | 0 ||| qw: Do Orc after clearing Dungeon:15 true
     0 | D:1      | 0 ||| qw: Do second Lair branch before Depths: true
     0 | D:1      | 0 ||| qw: Lair rune preference: random
     0 | D:1      | 0 ||| qw: Goals: Normal
     0 | D:1      | 0 ||| PLANNING D:1-11
    61 | D:1      | Reached XP level 2. HP: 15/16 MP: 3/3
   275 | D:1      | Found a faded altar of an unknown god.
   363 | D:1      | Reached skill level 3 in Ranged Weapons
   578 | D:1      | Reached XP level 3. HP: 21/21 MP: 4/4
   621 | D:1      | 621 ||| UPGRADING to +0 leather armour.
   631 | D:1      | 631 ||| DROPPING +0 robe.
   632 | D:1      | 632 ||| UPGRADING to +5 ring of evasion.
   633 | D:1      | 633 ||| READING 3 scrolls labelled URABLEROSY.
   634 | D:1      | 634 ||| READING scroll labelled SAOPLA GILOUW.
   635 | D:1      | 635 ||| READING 2 scrolls labelled BICE NADURYPT.
   636 | D:1      | 636 ||| READING 2 scrolls of identify.
   636 | D:1      | 636 ||| IDENTIFYING fuming coppery potion
   637 | D:1      | 637 ||| DROPPING scroll of poison.
   638 | D:1      | 638 ||| DROPPING scroll of blinking.
   910 | D:2      | Reached XP level 4. HP: 22/26 MP: 5/5
  1035 | D:2      | Reached skill level 4 in Ranged Weapons
  1415 | D:2      | 1415 ||| UPGRADING to +0 ring mail.
  1425 | D:2      | 1425 ||| DROPPING +0 leather armour.
  1426 | D:2      | 1426 ||| READING scroll labelled XOVARI OPRASS.
  1427 | D:2      | 1427 ||| READING scroll labelled VUATUE BOKU.
  1428 | D:2      | 1428 ||| READING 2 scrolls labelled PEHOIME HENKO.
  1429 | D:2      | 1429 ||| READING scroll labelled ENEIMUODIP.
  1432 | D:2      | 1432 ||| READING scroll labelled BAYGIX NUEZUI.
  1433 | D:2      | 1433 ||| READING scroll labelled EZOTICH LOSHUSK.
  1434 | D:2      | 1434 ||| DRINKING 2 bubbling yellow potions.
  1435 | D:2      | 1435 ||| DRINKING 2 green potions.
  1436 | D:2      | 1436 ||| DROPPING potion of degeneration.
  1437 | D:2      | 1437 ||| DROPPING potion of invisibility.
  1438 | D:2      | 1438 ||| DROPPING scroll of immolation.
  1508 | D:3      | Noticed a black bear
  1529 | D:3      | HP: 5/26 [black bear (3)]
  1530 | D:3      | HP: 1/26 [black bear (4)]
  1530 | D:3      | Slain by a black bear

Levels and vault maps discovered:
D:1:      minmay_arrival_plants_in_alcoves, layout_basic,
          shapermc_ecumenical_altar_hornbeckon
D:2:      kb_forest_paths, layout_basic
D:3:      layout_basic, minmay_surrounded

Skill      XL: |  1  2  3  4 |
---------------+-------------+-----
Ranged Weapons | 3 4 |  4.4
Fighting       | 2 |  2.0
Armour         | |  0.4
Dodging        | |  1.5
Spellcasting   | |  1.0
Hexes          | |  2.6

Action                     |  1- 3 |  4- 6 || total
---------------------------+-------+-------++-------
   Fire: Sling             |   156 |   100 ||   256
    Use: Scroll            |     4 |     6 ||    10
         Potion            |       |     2 ||     2
 Armour: Robe              |    15 |       ||    15
         Leather armour    |    10 |     8 ||    18
         Ring mail         |       |    23 ||    23
  Dodge: Dodged            |    61 |    75 ||   136

Table legend:
 A = Non-vault XP
 B = Vault XP
 C = Vault XP percentage of total XP
 D = Non-vault monster count
 E = Vault monster count
 F = Vault count percentage of total count
                 A         B        C        D         E       F
            +---------+---------+-------+---------+---------+-------
      Total |     118 |      32 |  21.3 |      44 |       9 |  17.0
            +---------+---------+-------+---------+---------+-------
        D:1 |      34 |       0 |   0.0 |      19 |       0 |   0.0
        D:2 |      82 |      27 |  24.8 |      24 |       6 |  20.0
        D:3 |       2 |       5 |  71.4 |       1 |       3 |  75.0
            +---------+---------+-------+---------+---------+-------
